 Dungeon Crawl Stone Soup version 0.24.0-123-gd5b16e6ec5 (webtiles) character file.

Game seed: 6502976542638147801, levelgen mode: deterministic

2580 brucemayne the Severer (level 9, 0/111 HPs)
             Began as a Hill Orc Monk on Jan 19, 2020.
             Was a Priest of Trog.
             Succumbed to an orc warrior's poison
             ... on level 9 of the Dungeon.
             The game lasted 00:15:56 (3574 turns).

brucemayne the Severer (Hill Orc Monk)              Turns: 3574, Time: 00:15:57

Health: 0/111      AC: 12    Str: 22    XL:     9   Next: 58%
Magic:  9/9        EV: 12    Int: 10    God:    Trog [***...]
Gold:   315        SH:  0    Dex: 13    Spells: 6/8 levels left

rFire    . . .     SeeInvis .   J - +0 broad axe
rCold    . . .     Gourm    .   (no shield)
rNeg     . . .     Faith    +   D - +0 plate armour (curse)
rPois    .         Spirit   .   x - +0 helmet
rElec    .         Reflect  .   (no cloak)
rCorr    +         Harm     .   (no gloves)
MR       .....                  (no boots)
Stlth    ..........             f - amulet of faith
HPRegen  0.28/turn              s - +5 ring of evasion
MPRegen  0.11/turn              K - ring of resist corrosion

@: berserking, lethally poisoned (0 -> -33), very quick
A: no striking features
a: Berserk, Trog's Hand, Renounce Religion


You were on level 9 of the Dungeon.
You worshipped Trog.
Trog was most pleased with you.
You were not hungry.

You visited 2 branches of the dungeon, and saw 11 of its levels.

You collected 315 gold pieces.

Inventory:

Hand Weapons
 a - a +0 hand axe
 e - a +0 whip of venom
 t - a +0 war axe
 y - a +0 hunting sling
 B - a +1 mace of crushing
 J - a +0 broad axe (weapon)
 N - a +0 dagger of flaming
 O - a +0 broad axe
Missiles
 g - 13 poisoned darts (quivered)
 h - 10 javelins
 z - 69 stones
 C - 6 boomerangs
Armour
 b - a +0 robe
 n - a +0 scale mail
 p - a +0 hat
 q - a +0 plate armour
 x - a +0 helmet (worn)
 D - a cursed +0 plate armour (worn)
 H - a +2 ring mail of poison resistance
Jewellery
 f - an amulet of faith (around neck)
 i - the amulet of Gituy {Harm *Drain Str+3}
   (You found it on level 6 of the Dungeon)

   [amulet of harm]

   It increases damage dealt and taken.
   It affects your strength (+3).
   It causes draining when unequipped.
 r - an uncursed amulet of the gourmand
 s - a +5 ring of evasion (left hand)
 G - an uncursed amulet of regeneration {unknown}
 I - an uncursed ring of stealth
 K - a ring of resist corrosion (right hand)
Wands
 u - a wand of acid (3)
Scrolls
 k - 2 scrolls of fear
 o - a scroll of enchant armour
 v - a scroll of immolation
 w - 2 scrolls of remove curse
 A - 2 scrolls of fog
 Q - 2 scrolls of silence
Potions
 d - a potion of berserk rage
 j - 2 potions of heal wounds {unknown}
 l - 2 potions of flight
 m - 2 potions of agility {unknown}
 E - a potion of resistance {unknown}
 F - 3 potions of ambrosia {unknown}
 M - a potion of mutation {unknown}
Comestibles
 c - 9 rations


   Skills:
 + Level 5.2 Fighting
 - Level 15.0 Axes
 + Level 3.1 Armour
 - Level 2.4 Dodging
 - Level 1.5 Stealth


You had 6 spell levels left.
You knew the following spells:

 Your Spells              Type           Power        Failure   Level  Hunger
a - Blink                 Tloc           N/A          100%        2    ###....

Your spell library contained the following spells:

 Spells                   Type           Power        Failure   Level  Hunger
 Magic Dart               Conj           #...         100%        1    ##.....
 Call Imp                 Summ           #.......     100%        2    ###....
 Slow                     Hex            #.......     100%        2    ###....
 Conjure Flame            Conj/Fire      #.......     100%        3    ####...
 Mephitic Cloud           Conj/Pois/Air  #.......     100%        3    ####...


Dungeon Overview and Level Annotations

Branches:
Dungeon (10/15)            Temple (1/1) D:7
   Lair: D:8-11         Orc: D:9-12

Altars:
Ashenzari
Cheibriados
Dithmenos
Elyvilon
Fedhas
Gozag
Hepliaklqana
Kikubaaqudgha
Nemelex Xobeh
Okawaru
Qazlal
Ru
Sif Muna
Trog
Vehumet
Wu Jian
Yredelemnul
The Shining One

Shops:
D:6 =


Message History

You see here a +0 whip.
Unknown command.
You closely miss something.
* * * LOW HITPOINT WARNING * * *
You feel sick.
You barely miss something.
* * * LOW HITPOINT WARNING * * *
You feel sick. Something hits you but does no damage.
Unknown command.
You slash something!
* * * LOW HITPOINT WARNING * * *
You feel sick.
Your plate armour prevents you from hitting something.
* * * LOW HITPOINT WARNING * * *
You feel sick. Something hits you but does no damage.
You closely miss something.
* * * LOW HITPOINT WARNING * * *
You feel sick.
You barely miss something.
You die...

# #. .#
#..#############..#
#.................#
...$...@..........#
..(...{)†..%......#
###....)†).>......#
#.....†.........#
#...............#
.................#
..................#
################..#
..#


There were no monsters in sight!

Vanquished Creatures
  3 wargs (D:7)
  An orc warrior (D:9)
  An ice beast (D:9)
  3 ogres
  3 centaurs
  Blork the orc (D:6)
  3 bullfrogs
  2 scorpions
  5 killer bees (D:7)
  2 jellies
  A crimson imp (D:9)
  4 orc wizards
  3 orc priests
  A gnoll shaman (D:7)
  2 hounds
  3 bullfrog skeletons
  4 iguanas
  A centaur skeleton (D:7)
  2 worker ants
  2 killer bee zombies (D:9)
  A hound skeleton (D:5)
  Robin (D:3)
  4 gnolls (D:7)
  6 adders
  An adder zombie (D:6)
  An adder skeleton (D:5)
  2 worms
  4 dart slugs
  8 leopard geckos
  25 orcs
  A ball python (D:4)
  7 bats
  7 giant cockroaches
  12 goblins
  15 hobgoblins
  4 jackals
  5 kobolds
  6 quokkas
  4 frilled lizards
  2 quokka skeletons
  9 rats
172 creatures vanquished.

Notes
Turn   | Place    | Note
-------+----------+-------------------------------------------
     0 | D:1      | brucemayne the Hill Orc Monk began the quest for the Orb.
     0 | D:1      | Reached XP level 1. HP: 19/19 MP: 1/1
   153 | D:1      | Reached XP level 2. HP: 26/26 MP: 2/2
   163 | D:1      | Reached skill level 5 in Axes
   288 | D:2      | Reached XP level 3. HP: 26/31 MP: 3/3
   480 | D:2      | Reached skill level 6 in Axes
   657 | D:2      | Found a shimmering blue altar of Sif Muna.
   698 | D:3      | Reached XP level 4. HP: 16/39 MP: 4/4
   906 | D:3      | Found a basalt altar of Yredelemnul.
   942 | D:4      | Reached skill level 7 in Axes
  1159 | D:3      | Reached XP level 5. HP: 45/45 MP: 5/5
  1164 | D:3      | Noticed Robin
  1221 | D:3      | Killed Robin
  1588 | D:4      | Reached skill level 8 in Axes
  1643 | D:4      | Reached XP level 6. HP: 40/51 MP: 6/6
  1846 | D:3      | Found an ancient bone altar of Kikubaaqudgha.
  1939 | D:5      | Entered Level 5 of the Dungeon
  1944 | D:5      | Reached skill level 9 in Axes
  2017 | D:5      | Reached skill level 10 in Axes
  2025 | D:5      | Reached XP level 7. HP: 27/57 MP: 7/7
  2127 | D:4      | Learned a level 2 spell: Blink
  2238 | D:4      | Found a bloodstained altar of Trog.
  2254 | D:4      | Became a worshipper of Trog the Wrathful
  2254 | D:4      | Reached * piety under Trog
  2254 | D:4      | Reached ** piety under Trog
  2403 | D:5      | Reached skill level 11 in Axes
  2550 | D:7      | Reached XP level 8. HP: 31/64 MP: 8/8
  2569 | D:7      | Reached skill level 12 in Axes
  2648 | D:7      | HP: 1/64 [ogre/+0 giant club (24)]
  2722 | D:6      | Got a smoking steel amulet
  2746 | D:6      | Identified the amulet of Gituy {Harm *Drain Str+3} (You
                  | found it on level 6 of the Dungeon)
  2779 | D:6      | Noticed Blork the orc
  2786 | D:6      | Reached skill level 13 in Axes
  2788 | D:6      | Killed Blork the orc
  2850 | D:6      | Found Cyc Piex's Jewellery Boutique.
  2871 | D:6      | Reached skill level 14 in Axes
  3073 | D:7      | Reached XP level 9. HP: 70/70 MP: 9/9
  3173 | D:7      | Found a staircase to the Ecumenical Temple.
  3182 | Temple   | Entered the Ecumenical Temple
  3280 | D:7      | Reached skill level 15 in Axes
  3394 | D:8      | Reached skill level 1 in Armour
  3458 | D:9      | Reached *** piety under Trog
  3494 | D:10     | Entered Level 10 of the Dungeon
  3567 | D:9      | Reached skill level 5 in Fighting
  3572 | D:9      | HP: 4/111 [poisoned by an orc warrior]
  3574 | D:9      | Succumbed to an orc warrior's poison

Levels and vault maps discovered:
D:1:      onia_arrival_mini_spirals, layout_loops_ring, minmay_indecisive_spiral
D:2:      layout_basic, led_sif_pool, dk_noncrumbling_2,
          minmay_increasing_density
D:3:      layout_basic, yredelemnul_forgotten_temple_becter,
          lemuel_doored_altar, minivault_5, uniq_robin
D:4:      layout_basic, bloody_trog
D:5:      layout_loops_ring, grunt_temple_overflow_order_and_chaos_2,
          dancing_weapons_uskayaw, first_ration, minmay_liquid_box
D:6:      layout_basic, eino_small_chamber_without_monster,
          minmay_shop_enchanted_jewellery, serial_bayou_pond_d,
          uniq_blork_the_orc
D:7:      lemuel_castle_with_subvaults [lemuel_castle_interior_original],
          layout_basic, minmay_temple_entry_ruins, serial_shops, shop
D:8:      layout_gridville, the_bakery, elyvilon_altar_3
D:9:      layout_long_grid, xom_redecorated, serial_shops, nicolae_shop_crystal,
          grunt_tough_drop
D:10:     layout_long_grid, grunt_lair_entry_orc_guard_hut, orc_0_dummy,
          grunt_qazlal_sundering
Temple:   jpeg_temple_clearing

Skill      XL: |  1  2  3  4  5  6  7  8  9 |
---------------+----------------------------+-----
Axes           | 5 6 7 8 10 11 14 15 | 15.0
Armour         | 3 |  3.1
Fighting       | 5 |  5.2
Dodging        | |  2.4
Stealth        | |  1.5

Action                   |  1- 3 |  4- 6 |  7- 9 || total
-------------------------+-------+-------+-------++-------
Melee: Hand axe          |     9 |       |       ||     9
       Whip              |    97 |   167 |    79 ||   343
       War axe           |       |    46 |    99 ||   145
       Broad axe         |       |       |    64 ||    64
Invok: Trog's Hand       |       |       |     5 ||     5
       Berserk           |       |       |     4 ||     4
Evoke: Wand              |       |       |     6 ||     6
  Use: Scroll            |       |       |    10 ||    10
       Potion            |       |       |     2 ||     2
 Stab: Distracted        |     1 |       |       ||     1
       Sleeping          |     2 |       |       ||     2
  Eat: Chunk             |       |     4 |     6 ||    10
       Ration            |       |       |     2 ||     2
Armor: Robe              |    11 |       |       ||    11
       Scale mail        |     7 |    32 |       ||    39
       Plate armour      |       |    53 |   100 ||   153
Dodge: Dodged            |    82 |   131 |   135 ||   348
